 Dungeon Crawl Stone Soup version 0.21.1-1-g345015f (webtiles) character file.

139 Labyrinth the Firebug (level 5, 0/40 HPs)
             Began as a Draconian Fire Elementalist on July 26, 2018.
             Was an Initiate of Qazlal.
             Slain by Grinder (6 damage)
             ... on level 3 of the Dungeon.
             The game lasted 00:12:01 (2342 turns).

Labyrinth the Firebug (Draconian Fire Elementalist) Turns: 2342, Time: 00:12:02

Health: 0/40       AC:  5    Str: 12    XL:     5   Next: 1%
Magic:  0/8        EV: 12    Int: 15    God:    Qazlal [......]
Gold:   96         SH:  0    Dex: 11    Spells: 0/9 levels left

rFire    . . .     SeeInvis +   n - +0 mace
rCold    . . .     Gourm    .   (no shield)
rNeg     . . .     Faith    .   (armour unavailable)
rPois    .         Spirit   .   (helmet restricted)
rElec    .         Reflect  .   (no cloak)
rCorr    .         Harm     .   (no gloves)
MR       .....                  (no boots)
Stlth    ++........             (no amulet)
HPRegen  0.13/turn              q - ring of see invisible
MPRegen  0.11/turn              (no ring)

@: no status effects
A: unfitting armour, cold-blooded, AC +5
a: Renounce Religion


You were on level 3 of the Dungeon.
You worshipped Qazlal.
Qazlal was noncommittal.
You were not hungry.

You visited 1 branch of the dungeon, and saw 3 of its levels.

You collected 96 gold pieces.

Inventory:

Hand Weapons
 c - a +1 whip of draining
 g - a +3 dagger
 k - a +0 hunting sling
 n - a +0 mace (weapon)
 y - a +0 blowgun
Missiles
 l - 56 arrows
 o - 5 poisoned needles
 p - 65 stones (quivered)
 r - 25 bolts
 w - 19 sling bullets
Jewellery
 q - a ring of see invisible (left hand)
Scrolls
 e - a scroll of fear
 h - a scroll of teleportation
 i - a scroll of blinking {unknown}
 s - a scroll of immolation {unknown}
 t - a scroll of remove curse {unknown}
 u - a scroll of fog {unknown}
 x - a scroll of enchant weapon {unknown}
Potions
 d - a potion of curing
 f - a potion of flight
 j - a potion of might {unknown}
 v - a potion of ambrosia {unknown}
Books
 a - a book of Flames

   Spells                             Type                      Level
   a - Flame Tongue                   Conjuration/Fire             1
   b - Throw Flame                    Conjuration/Fire             2
   c - Conjure Flame                  Conjuration/Fire             3
   d - Inner Flame                    Hexes/Fire                   3
   e - Sticky Flame                   Conjuration/Fire             4
   f - Fireball                       Conjuration/Fire             5
Comestibles
 b - 4 rations
 z - 7 chunks of flesh


   Skills:
 + Level 1.2 Fighting
 + Level 1.0 Maces & Flails
 + Level 0.1 Throwing
 + Level 2.3 Dodging
 + Level 2.3 Stealth
 + Level 0.1 Unarmed Combat
 + Level 2.6 Spellcasting
 + Level 2.1 Conjurations
 + Level 3.7 Fire Magic


You couldn't memorise any spells.
You knew the following spells:

 Your Spells              Type           Power        Failure   Level  Hunger
a - Flame Tongue          Conj/Fire      ##...        6%          1    #......
b - Throw Flame           Conj/Fire      ##....       10%         2    ###....
c - Conjure Flame         Conj/Fire      ##......     19%         3    ###....
d - Inner Flame           Hex/Fire       #.......     28%         3    ###....


Dungeon Overview and Level Annotations

Branches:
Dungeon (3/15)

Altars:
Ashenzari
Kikubaaqudgha
Qazlal
Ru

Annotations:
D:3 Grinder


Innate Abilities, Weirdness & Mutations

Your plain brown scales are hard. (AC +5)
You cannot fit into any form of body armour.
You are cold-blooded and may be slowed by cold attacks.


Message History

Press: ? - help, Shift-Dir - straight line, f/p - Grinder
Aim: Grinder (moderately wounded)
The flame tongue hits Grinder.
Grinder is heavily wounded.
Grinder gestures at you. Pain shoots through your body!
You hit Grinder.
Grinder is heavily wounded.
Grinder says, "My boss said I was rubbish.
His entrails said otherwise."
Grinder hits you.
You hit Grinder.
Your tail-slap misses Grinder.
Grinder is severely wounded.
Grinder gestures at you. You resist with significant effort.
You hit Grinder.
Grinder is severely wounded.
Grinder hits you!
* * * LOW HITPOINT WARNING * * *
You writhe in agony.
You die...

..##..##...##..#.### ...
..###.#.<.....[.. ###
.## #....###..#..
##..####.....
......##).... ##
####.......... # #.
#####...###.###.
....##.##.......#.....#.
.(..(.5@..####..#...>.#.
.....>##### #..).......
..... ##.#.....#. #...
#.#.....#. ##.
#.###.###. # #.........
#######... ###


You could see Grinder.

Vanquished Creatures
  2 orc wizards (D:3)
  4 adders
  A leopard gecko (D:2)
  2 orcs (D:3)
  3 bats
  10 goblins
  13 hobgoblins
  8 kobolds
  3 quokkas
  6 frilled lizards
  6 rats
58 creatures vanquished.

Notes
Turn   | Place    | Note
-------+----------+-------------------------------------------
     0 | D:1      | Labyrinth the Draconian Fire Elementalist began the quest for the Orb.
     0 | D:1      | Reached XP level 1. HP: 14/14 MP: 3/3
    87 | D:1      | Reached XP level 2. HP: 6/20 MP: 0/5
    91 | D:1      | Learned a level 2 spell: Throw Flame
   659 | D:2      | Reached XP level 3. HP: 4/27 MP: 2/6
   964 | D:2      | Learned a level 3 spell: Conjure Flame
  1042 | D:2      | Found an ancient bone altar of Kikubaaqudgha.
  1046 | D:2      | Found a stormy altar of Qazlal.
  1048 | D:2      | Found a shattered altar of Ashenzari.
  1064 | D:2      | Became a worshipper of Qazlal Stormbringer
  1346 | D:2      | Found a sacrificial altar of Ru.
  1779 | D:3      | Reached skill level 1 in Fighting
  1779 | D:3      | Reached XP level 4. HP: 14/35 MP: 0/7
  1782 | D:3      | Reached skill level 1 in Maces & Flails
  2308 | D:3      | Reached XP level 5. HP: 31/40 MP: 0/8
  2313 | D:3      | Learned a level 3 spell: Inner Flame
  2321 | D:3      | Noticed Grinder
  2342 | D:3      | Slain by Grinder

Skill      XL: |  1  2  3  4 |
---------------+-------------+-----
Dodging        | 2 |  2.3
Stealth        | 2 |  2.3
Fighting       | 1 |  1.2
Maces & Flails | 1 |  1.0
Conjurations   | 2 |  2.1
Throwing       | |  0.1
Unarmed Combat | |  0.1
Spellcasting   | |  2.6
Fire Magic     | |  3.7

Action                   |  1- 3 |  4- 6 || total
-------------------------+-------+-------++-------
Melee: Club              |     6 |       ||     6
       Unarmed           |     6 |       ||     6
       Mace              |    41 |    32 ||    73
       Dagger            |     9 |       ||     9
       Tailslap          |     2 |     3 ||     5
Throw: Javelin           |     4 |     4 ||     8
       Stone             |     4 |     5 ||     9
 Cast: Flame Tongue      |    42 |    12 ||    54
       Throw Flame       |    17 |     7 ||    24
       Conjure Flame     |       |     1 ||     1
  Use: Potion            |     2 |     2 ||     4
       Scroll            |       |     2 ||     2
  Eat: Ration            |     1 |       ||     1
       Chunk             |       |     4 ||     4
Armor: Skin              |    27 |    14 ||    41
Dodge: Dodged            |    43 |    33 ||    76
